 Dungeon Crawl Stone Soup version 0.27.1-33-g824d729ab1 (webtiles) character file.

Game seed: 150428922785238312

86 zeram the Covered (level 4, 0/39 HPs)
             Began as a Hill Orc Fighter on Dec 23, 2021.
             Slain by Sigmund (4 damage)
             ... on level 3 of the Dungeon.
             The game lasted 00:02:09 (1813 turns).

zeram the Covered (Hill Orc Fighter)                Turns: 1813, Time: 00:02:10

Health: 0/39       AC:  7    Str: 19    XL:     4   Next: 50%
Magic:  4/4        EV:  7    Int:  8    God:
Gold:   110        SH:  0    Dex: 10    Spells: 3/3 levels left

rFire    . . .     SeeInvis .   a - +1 war axe
rCold    . . .     Faith    .   c - +0 kite shield
rNeg     . . .     Spirit   .   b - +0 scale mail
rPois    .         Reflect  +   (no helmet)
rElec    .         Harm     .   (no cloak)
rCorr    .         Rampage  .   (no gloves)
Will     .....                  (no boots)
Stlth    ..........             j - amulet of reflection
HPRegen  0.13/turn              (no ring)
MPRegen  0.09/turn              (no ring)

@: confused
A: no striking features
a: no special abilities


You were on level 3 of the Dungeon.
You visited 1 branch of the dungeon, and saw 3 of its levels.

You collected 110 gold pieces.

Inventory:

Hand Weapons
 a - a +1 war axe (weapon)
Armour
 b - a +0 scale mail (worn)
 c - a +0 kite shield (worn)
Jewellery
 j - an amulet of reflection (around neck)
Scrolls
 e - a scroll of teleportation
 h - a scroll of fear
Potions
 d - a potion of might


   Skills:
 - Level 3.6 Fighting
 + Level 4.1 Axes
 + Level 4.2 Armour
 + Level 0.5 Dodging
 + Level 4.0 Shields


You had 3 spell levels left.
You didn't know any spells.
Your spell library contained the following spells:

 Spells                   Type           Power      Damage    Failure   Level
 Foxfire                  Conj/Fire      0%         2x1d4     99%         1
 Freeze                   Ice            0%         1d3       99%         1
 Conjure Flame            Conj/Fire      0%         6-21      100%        3
 Frozen Ramparts          Ice            0%         1d2       100%        3
 Inner Flame              Hex/Fire       0%         N/A       100%        3
 Hailstorm                Conj/Ice       0%         3d3       100%        4


Dungeon Overview and Level Annotations

Branches:
Dungeon (3/15)

Altars:
Makhleb
Okawaru
Xom

Annotations:
D:3 Sigmund


Message History

No target in view!
No target in view!
No target in view!
No target in view!
No target in view!
No target in view!
No target in view!
No target in view!
No target in view!
No target in view!
No target in view!
No target in view!
No target in view!
No target in view!
No target in view!
No target in view!
No target in view!
You slash something! Something hits you but does no damage.
You completely miss something. Something hits you!
You closely miss something. Something hits you.
You barely miss something.
You hear some strange, mumbled words.
A puff of flame appears from out of thin air!
The puff of flame hits you but does no damage.
You hear some strange, mumbled words.
You are confused.
You bump into the rock wall.
You hear some strange, mumbled words.
A magic dart appears from out of thin air!
The magic dart hits you!
* * * LOW HITPOINT WARNING * * *
You bump into the rock wall.
You hear some strange, mumbled words.
A puff of flame appears from out of thin air!
The puff of flame misses you.
You bump into the rock wall.
Something hits you.
* * * LOW HITPOINT WARNING * * *
You're too confused to move!
Something hits you but does no damage. Something hits you.
You die...

#.# #.# #.# #.#
#.################
.................#
#.###.#.########>#
#.# #.#.# #.#
#.###.#.##### #@#
#...........# #{#
#####.#.###.# #.#
#...#.#.# #$#
....#.#.# #.#
#...#.#.# #.#
#.#....###.# #.#
#............ ..#
###.######...


There were no monsters in sight!

Vanquished Creatures
  Jessica (D:2)
  An adder (D:2)
  3 worms
  An orc (D:3)
  6 bats
  An endoplasm (D:2)
  A giant cockroach (D:1)
  3 hobgoblins
  4 jackals (D:1)
  8 kobolds
  A quokka (D:2)
  A ball python (D:1)
  3 frilled lizards
  3 goblins
  2 rats (D:2)
39 creatures vanquished.

Notes
Turn   | Place    | Note
-------+----------+-------------------------------------------
     0 | D:1      | zeram the Hill Orc Fighter began the quest for the Orb.
     0 | D:1      | Reached XP level 1. HP: 19/19 MP: 1/1
    15 | D:1      | Reached XP level 2. HP: 16/26 MP: 2/2
   626 | D:1      | Reached XP level 3. HP: 28/31 MP: 3/3
   927 | D:2      | Noticed Jessica
   947 | D:2      | Killed Jessica
   948 | D:2      | Reached XP level 4. HP: 36/39 MP: 4/4
  1613 | D:3      | Found a burning altar of Makhleb.
  1613 | D:3      | Found a shimmering altar of Xom.
  1614 | D:3      | Found an iron altar of Okawaru.
  1797 | D:3      | Noticed Sigmund
  1813 | D:3      | Slain by Sigmund

Illustrated notes

Levels and vault maps discovered:
D:1:      scummos_arrival_hexagon, layout_rooms, serial_corexii_hall,
          chequers_hall_statues_wall_a, corexii_hall_statues_t,
          corexii_hall_statues_i, chequers_hall_statues_corner_a
D:2:      layout_loops_ring, minivault_11, chequers_serial_rivers_marsh,
          uniq_jessica
D:3:      layout_loops_ring, gammafunk_temple_overflow_claw, uniq_sigmund

Skill      XL: |  1  2  3  4 |
---------------+-------------+-----
Axes           | 3 4 |  4.1
Armour         | 4 |  4.2
Shields        | 4 |  4.0
Fighting       | |  3.6
Dodging        | |  0.5

Action                   |  1- 3 |  4- 6 || total
-------------------------+-------+-------++-------
Melee: War axe           |    74 |    40 ||   114
  Use: Potion            |     2 |       ||     2
       Scroll            |       |     6 ||     6
Armor: Scale mail        |    59 |     9 ||    68
Dodge: Dodged            |    37 |     1 ||    38
Block: Kite shield       |    58 |    23 ||    81
